AoeStats
← la Campanella

Arena

510104483Analyzed
4v4 RM · 4d ago on Sep 29, 2026· 78m 39s· 8 players
Game mode
Random Map
Map size
Large (8 player)
Population
200
Speed
Normal
Resources
Standard
Victory
Conquest
Starting age
Dark Age
Ending age
Imperial Age
RankedLock teamsTeams togetherTeam positionsShared explorationLock speedFull tech treeHidden civsTurbo modeCheats
Victory
Defeat
🇪🇬 Dravidians · Egypt
1163
+13
🇩🇪 Italians · Germany
1150
+13
🇹🇼 Magyars · Taiwan
1141
+14
🇺🇸 Japanese · United States
1123
+14
🇹🇼 Khmer · Taiwan
1116
-15
🇨🇳 Turks · China
1100
-14
🇹🇼 Turks · Taiwan
1069
-13
🇨🇳 Persians · China
1063
-12
BrianBoru
11:05 Feudal Age
14:59 Castle Age
13:11 Double-Bit Axe
14:54 Horse Collar
17:33 Bow Saw
17:26 Heavy Plow
28:28 Wheelbarrow
29:31 Scale Barding Armor
29:34 Husbandry
32:35 Hand Cart
32:30 Gold Mining
35:21 Chain Barding Armor
36:37 Gold Shaft Mining
41:08 Ballistics
40:39 Guard Tower
43:46 Imperial Age
41:09 Fletching
42:09 Yasama
42:45 Bodkin Arrow
44:33 Loom
47:10 Chemistry
46:47 Keep
45:57 Arrowslits
46:18 Stone Mining
46:51 Kataparuto
47:22 Siege Engineers
47:32 Bracer
47:21 Light Cavalry
48:12 Bloodlines
48:57 Elite Skirmisher
49:43 Thumb Ring
49:39 Padded Archer Armor
51:59 Conscription
55:27 Pikeman
56:07 Squires
56:08 Scale Mail Armor
56:19 Forging
55:55 Halberdier
60:19 Iron Casting
63:59 Two-Man Saw
63:15 Masonry
67:27 Chain Mail Armor
68:12 Blast Furnace
72:12 Caravan
78:32 Spies/Treason
T.Mücke_63
9:59 Feudal Age
13:41 Castle Age
11:51 Double-Bit Axe
11:56 Loom
15:01 Bow Saw
14:34 Horse Collar
17:53 Gold Mining
18:36 Fletching
20:27 Bodkin Arrow
32:51 Imperial Age
32:31 Padded Archer Armor
33:00 Ballistics
34:39 Chemistry
36:06 Bracer
36:21 Crossbowman
38:12 Stone Mining
39:27 Two-Man Saw
39:59 Arbalester
41:08 Leather Archer Armor
42:28 Thumb Ring
44:40 Wheelbarrow
53:30 Ring Archer Armor
53:28 Elite Skirmisher
57:37 Caravan
59:56 Stone Shaft Mining
68:45 Hand Cart
77:42 Heavy Plow
Sephiroth
10:37 Feudal Age
11:56 Loom
15:25 Castle Age
13:34 Horse Collar
14:04 Double-Bit Axe
15:27 Gold Mining
17:33 Wheelbarrow
17:50 Heavy Plow
20:17 Bow Saw
20:36 Fletching
21:41 Bodkin Arrow
24:04 Thumb Ring
24:05 Padded Archer Armor
24:08 Husbandry
26:33 Hand Cart
26:33 Stone Mining
31:14 Leather Archer Armor
35:57 Imperial Age
36:37 Ballistics
36:44 Bracer
37:14 Ring Archer Armor
38:00 Ring Archer Armor
38:45 Two-Man Saw
38:02 Medical Corps
39:12 Conscription
39:07 Masonry
40:01 Chemistry
39:11 Masonry
38:56 Murder Holes
39:38 Hoardings
39:26 Elite Elephant Archer
46:13 Fortified Wall
46:20 Devotion
51:11 Man-at-Arms
51:37 Gambesons
51:52 Squires
51:38 Arson
52:16 Wootz Steel
54:45 Town Watch
57:32 Long Swordsman
58:28 Forging
58:18 Scale Mail Armor
59:57 Caravan
60:11 Guilds
61:08 Two-Handed Swordsman
61:46 Champion
63:14 Iron Casting
62:54 Chain Mail Armor
65:38 Plate Mail Armor
66:11 Blast Furnace
70:01 Scale Barding Armor
69:26 Elite Skirmisher
69:32 Elite Urumi Swordsman
MessiahOVO
10:40 Feudal Age
14:53 Castle Age
13:42 Double-Bit Axe
15:08 Horse Collar
15:38 Scale Barding Armor
23:54 Bloodlines
24:38 Husbandry
26:31 Chain Barding Armor
31:15 Imperial Age
29:18 Gold Mining
32:45 Plate Barding Armor
33:47 Cavalier
36:49 Wheelbarrow
39:07 Paladin
41:04 Conscription
42:17 Light Cavalry
45:03 Herbal Medicine
46:47 Hussar
51:49 Bow Saw
51:45 Heavy Plow
52:04 Hand Cart
51:35 Town Watch
58:07 Crop Rotation
63:46 Two-Man Saw
62:52 Town Patrol
62:37 Loom
ky21431
14:18 Feudal Age
15:01 Double-Bit Axe
15:09 Gold Mining
17:54 Castle Age
24:24 Imperial Age
27:11 Padded Archer Armor
35:37 Horse Collar
42:51 Loom
43:17 Heavy Plow
49:59 Stone Mining
59:41 Wheelbarrow
59:22 Bow Saw
60:24 Conscription
60:58 Forging
61:16 Husbandry
61:35 Scale Barding Armor
62:43 Two-Man Saw
62:07 Bloodlines
63:53 Iron Casting
63:43 Chain Barding Armor
71:07 Fortified Wall
72:41 Plate Barding Armor
73:09 Blast Furnace
雨""沉
9:34 Loom
11:19 Feudal Age
14:51 Castle Age
12:39 Double-Bit Axe
13:11 Horse Collar
22:48 Bow Saw
23:21 Gold Mining
27:44 Heavy Plow
27:59 Pikeman
29:17 Wheelbarrow
34:47 Imperial Age
32:45 Scale Mail Armor
32:56 Forging
34:17 Hand Cart
34:50 Chain Mail Armor
35:14 Iron Casting
35:19 Stone Mining
35:04 Halberdier
36:55 Blast Furnace
37:58 Conscription
37:28 Arson
37:37 Town Watch
38:18 Padded Archer Armor
38:11 Fletching
40:10 Chemistry
39:31 Ballistics
40:08 Leather Archer Armor
39:51 Bodkin Arrow
41:15 Elite Skirmisher
48:27 Ring Archer Armor
47:58 Bracer
48:05 Scale Barding Armor
48:13 Bracer
48:23 Scale Barding Armor
48:54 Crop Rotation
49:34 Chain Barding Armor
49:32 Tusk Swords
50:59 Husbandry
50:26 Elite Battle Elephant
51:38 Bloodlines
54:14 Stone Shaft Mining
54:17 Gold Shaft Mining
54:42 Fortified Wall
56:28 Plate Barding Armor
64:07 Town Patrol
la Campanella
12:29 Feudal Age
13:55 Loom
16:19 Castle Age
15:18 Horse Collar
15:26 Double-Bit Axe
15:36 Stone Mining
16:21 Gold Mining
34:11 Imperial Age
32:38 Fortified Wall
32:50 Ballistics
33:16 Fletching
36:41 Bodkin Arrow
36:52 Scale Barding Armor
36:58 Forging
37:01 Masonry
40:08 Bloodlines
39:58 Husbandry
41:22 Bombard Tower
42:31 Padded Archer Armor
44:17 Bracer
46:27 Chain Barding Armor
48:40 Artillery
51:01 Conscription
53:11 Plate Barding Armor
57:14 Iron Casting
57:41 Heavy Camel Rider
63:51 Guilds
高希英娜
10:34 Feudal Age
14:31 Castle Age
12:29 Double-Bit Axe
12:26 Horse Collar
15:16 Bow Saw
15:52 Heavy Plow
17:38 Loom
21:40 Wheelbarrow
21:57 Gold Mining
24:20 Gold Shaft Mining
25:11 Stone Mining
28:45 Imperial Age
26:02 Loom
26:55 Scale Barding Armor
27:27 Husbandry
27:59 Hand Cart
29:02 Chain Barding Armor
29:08 Cavalier
29:43 Fletching
30:04 Forging
31:47 Bloodlines
31:20 Elite Skirmisher
32:41 Fletching
33:27 Plate Barding Armor
33:21 Bodkin Arrow
34:07 Conscription
33:49 Padded Archer Armor
34:32 Forging
36:53 Chemistry
36:20 Thumb Ring
36:35 Leather Archer Armor
37:28 Stone Shaft Mining
38:58 Ring Archer Armor
39:17 Ballistics
39:07 Savar
41:21 Iron Casting
43:05 Blast Furnace
47:39 Citadels
48:51 Hoardings
51:43 Light Cavalry
54:35 Crop Rotation
55:07 Two-Man Saw
54:15 Pikeman
54:56 Squires
55:34 Halberdier
57:19 Scale Mail Armor
59:19 Chain Mail Armor
63:22 Hussar
Connection lost

Rejoining the realm…

Still unreachable

The connection could not be restored.

Session expired

The server has moved on; the page needs a fresh start.